 Dungeon Crawl Stone Soup version 0.21-a0-317-gd0d0d88 (webtiles) character file.

6150 Fiekheub the Infuser (level 10, -7/81 HPs)
             Began as a Gnoll Skald on Sept 29, 2017.
             Was a High Priest of Okawaru.
             Mangled by Gastronok (22 damage)
             ... on level 9 of the Dungeon.
             The game lasted 00:55:02 (8780 turns).

Fiekheub the Infuser (Gnoll Skald)                  Turns: 8780, Time: 00:55:02

Health: -7/81      AC: 13    Str: 16    XL:     10   Next: 90%
Magic:  20/20      EV: 15    Int: 15    God:    Okawaru [*****.]
Gold:   392        SH:  5    Dex: 16    Spells: 8/23 levels left

rFire    + . .     SeeInvis .   b - +2 short sword (venom)
rCold    . . .     Gourm    .   x - +0 buckler
rNeg     . . .     Faith    +   R - +0 ring mail {rF+}
rPois    .         Spirit   .   m - +2 helmet
rElec    .         Reflect  .   e - +2 cloak
rCorr    .         Harm     .   (no gloves)
MR       .....     Clarity  +   (no boots)
Stlth    +++.......             F - amulet of faith
HPRegen  0.63/turn              h - ring of wizardry
MPRegen  0.17/turn              D - +1 ring of slaying

@: drained
A: distributed training, fangs 1, rugged brown scales 1, clarity, regeneration
1, strong nose
a: Heroism, Finesse, Renounce Religion


You were on level 9 of the Dungeon.
You worshipped Okawaru.
Okawaru was extremely pleased with you.
You were hungry.

You visited 2 branches of the dungeon, and saw 10 of its levels.
You also visited: Sewer.

You collected 392 gold pieces.

Inventory:

Hand Weapons
 a - a +3 hunting sling of velocity
 b - a +2 short sword of venom (weapon)
 c - a +2 mace of protection
Missiles
 K - 39 stones (quivered)
Armour
 e - a +2 cloak (worn)
 m - a +2 helmet (worn)
 u - a +1 leather armour of cold resistance
 x - a +0 buckler (worn)
 J - a +2 robe of magic resistance
 R - a +0 ring mail of fire resistance (worn)
Jewellery
 h - a ring of wizardry (left hand)
 r - an uncursed amulet of rage
 D - a +1 ring of slaying (right hand)
 F - an amulet of faith (around neck)
 N - a +1 ring of evasion
 Q - an uncursed ring of fire
 T - an uncursed ring of see invisible
Wands
 f - a wand of iceblast (1/15)
 k - a wand of flame (44/48)
 p - a wand of confusion (17/48)
 y - a wand of acid (6/15)
 E - a wand of random effects (29/48)
 O - a wand of confusion (19/48)
Scrolls
 i - 5 scrolls of identify
 j - 4 scrolls of remove curse
 o - 3 scrolls of recharging
 q - a scroll of magic mapping
 z - a scroll of fog {unknown}
 B - 3 scrolls of teleportation
 I - a scroll of fear
 M - 2 scrolls of blinking
Potions
 g - 7 potions of curing
 n - 3 potions of heal wounds
 s - a potion of ambrosia
 t - a potion of might
 v - 3 potions of brilliance
 w - 2 potions of mutation
 A - 2 potions of flight
 C - 2 potions of agility
 G - 2 potions of haste
Books
 L - a book of Conjurations

   Spells                             Type                      Level
   a - Magic Dart                     Conjuration                  1
   b - Searing Ray                    Conjuration                  2
   c - Dazzling Spray                 Conjuration/Hexes            3
   d - Fulminant Prism                Conjuration/Hexes            4
   e - Force Lance                    Conjuration/Translocation    4
   f - Iskenderun's Mystic Blast      Conjuration                  4
 P - a book of Battle

   Spells                             Type                      Level
   a - Infusion                       Charms                       1
   b - Shroud of Golubria             Charms/Translocation         2
   c - Song of Slaying                Charms                       2
   d - Spectral Weapon                Hexes/Charms                 3
   e - Regeneration                   Charms/Necromancy            3
Comestibles
 d - 5 bread rations
 l - 4 royal jellies
 H - a meat ration
 S - 2 fruits


   Skills:
 + Level 7.2(7.1) Fighting
 + Level 4.5(4.4) Short Blades
 + Level 6.0(5.9) Long Blades
 + Level 5.9(5.8) Axes
 + Level 7.9(7.8) Maces & Flails
 + Level 5.0(4.9) Polearms
 + Level 5.5(5.4) Staves
 + Level 5.5(5.4) Slings
 + Level 5.5(5.4) Bows
 + Level 5.1(5.0) Crossbows
 + Level 4.5(4.4) Throwing
 + Level 5.0(4.9) Armour
 + Level 7.1(7.0) Dodging
 + Level 5.7(5.6) Stealth
   Level 0.0 Stabbing
 + Level 5.3(5.2) Shields
   Level 0.0 Traps
 + Level 5.4(5.3) Unarmed Combat
 + Level 7.2(7.1) Spellcasting
 + Level 5.1(5.0) Conjurations
 + Level 6.8(6.7) Hexes
 + Level 8.8(8.7) Charms
 + Level 4.7(4.6) Summonings
 + Level 5.9(5.8) Necromancy
 + Level 5.5(5.4) Translocations
 + Level 5.0(4.9) Transmutations
 + Level 5.1(5.0) Fire Magic
 + Level 5.1(5.0) Ice Magic
 + Level 5.7(5.6) Air Magic
 + Level 6.0(5.9) Earth Magic
 + Level 4.7(4.6) Poison Magic
 + Level 5.3(5.2) Invocations
 + Level 5.1(5.0) Evocations


You had 8 spell levels left.
You knew the following spells:

 Your Spells              Type           Power        Failure   Level  Hunger
a - Infusion              Chrm           ####         1%          1    None
b - Song of Slaying       Chrm           ####....     1%          2    None
c - Shroud of Golubria    Chrm/Tloc      ####......   1%          2    None
d - Spectral Weapon       Hex/Chrm       ####....     1%          3    ##.....
e - Regeneration          Chrm/Necr      ####......   1%          3    ##.....
f - Fulminant Prism       Conj/Hex       ###.......   9%          4    ####...


Dungeon Overview and Level Annotations

Branches:
Dungeon (9/15)             Temple (1/1) D:5            Lair (0/6) D:8
    Orc (0/2) D:9

Altars:
Ashenzari
Cheibriados
Dithmenos
Elyvilon
Fedhas
Gozag
Hepliaklqana
Kikubaaqudgha
Makhleb
Okawaru
Sif Muna
Trog
Uskayaw
Vehumet
Xom
Yredelemnul
The Shining One

Shops:
D:4 [   D:6 ?

Annotations:
D:9 Gastronok


Innate Abilities, Weirdness & Mutations

Your experience applies equally to all skills.
You have very sharp teeth.
Your uncanny sense of smell can sniff out nearby items.
You are partially covered in rugged brown scales. (AC +1, +3% HP)
You possess an exceptional clarity of mind.
Your natural rate of healing is unusually fast.


Message History

b - a +2 short sword of venom (weapon)
You hit Gastronok.
Gastronok is poisoned.
Gastronok is severely wounded.
You hit Gastronok but do no damage.
Gastronok looks as sick as possible!
Gastronok is severely wounded.
Gastronok bites you.
You hit Gastronok.
Gastronok looks as sick as possible!
Gastronok is almost dead.
You hit Gastronok.
Gastronok looks as sick as possible!
Gastronok is almost dead.
Gastronok waves his eye-stalks in wide circles.
The air twists around and strikes you!
* * * LOW HITPOINT WARNING * * *
You hit Gastronok.
Gastronok looks as sick as possible!
Gastronok is almost dead.
You hit Gastronok.
Gastronok looks as sick as possible!
Gastronok is almost dead.
Gastronok gurgles.
Gastronok bites you!!
You die...

....#..# #.....## ...
#......# #....... ...
###......###......# ....
..................#
...(. #................#
#....##....##).........#
#..........##..........#
.......................#
.......@...............#
......w(...............#
.....(...†).............
....(...................
...(>...........##....##
..(............)##....#
..(......).)...†......#
((.###.[...)...)....#)#
.....(...)..##....#)#


You could see Gastronok.

Vanquished Creatures
  A two-headed ogre (D:8)
  Pikel (D:9)
  A troll (D:8)
  Grinder (D:5)
  Grum (D:9)
  2 wargs (D:9)
  A sky beast (D:8)
  An orc warrior (D:8)
  3 ogres
  3 phantoms (D:6)
  5 wolves
  A centaur (D:8)
  A big kobold (D:7)
  Blork the orc (D:5)
  7 bullfrogs
  A gnoll sergeant (D:8)
  A wyvern skeleton (D:8)
  A scorpion (D:8)
  8 killer bees (D:7)
  An electric eel (D:8)
  3 howler monkeys
  A bullfrog zombie (D:6)
  A centaur zombie (D:6)
  3 crimson imps
  9 hounds
  7 orc priests
  A centaur skeleton (D:4)
  3 bullfrog skeletons
  Ijyb (D:5)
  An iguana (D:8)
  9 worker ants
  10 orc wizards
  A hound zombie (D:5)
  A mummy (D:5)
  A hound skeleton (D:8)
  Robin (D:2)
  14 adders
  7 gnolls
  3 river rats
  3 shadow imps
  3 oozes
  2 adder skeletons (D:5)
  2 worms
  2 dart slugs
  4 leopard geckos
  37 orcs
  3 ball pythons
  3 giant cockroaches
  9 hobgoblins
  7 jackals
  32 kobolds
  2 quokkas
  13 bats
  4 frilled lizards
  21 goblins
  2 hobgoblin zombies (D:5)
  2 leopard gecko zombies
  33 rats
303 creatures vanquished.

Vanquished Creatures (others)
  A slave (D:9)
  2 fulminant prisms (D:7)
3 creatures vanquished.

Grand Total: 306 creatures vanquished

Notes
Turn   | Place    | Note
-------+----------+-------------------------------------------
     0 | D:1      | Fiekheub the Gnoll Skald began the quest for the Orb.
     0 | D:1      | Reached XP level 1. HP: 20/20 MP: 6/6
   196 | D:1      | Reached skill level 1 in Shields
   196 | D:1      | Reached XP level 2. HP: 23/26 MP: 7/7
   277 | D:1      | Reached skill level 5 in Spellcasting
   277 | D:1      | Reached skill level 1 in Ice Magic
   649 | D:1      | Learned a level 2 spell: Song of Slaying
   652 | D:1      | Learned a level 2 spell: Shroud of Golubria
  1022 | D:2      | Reached XP level 3. HP: 31/31 MP: 9/9
  1029 | D:2      | Reached skill level 1 in Slings
  1042 | D:2      | Reached skill level 1 in Summonings
  1051 | D:2      | Reached skill level 1 in Hexes
  1061 | D:2      | Learned a level 3 spell: Spectral Weapon
  1065 | D:2      | Learned a level 3 spell: Regeneration
  1131 | D:2      | Reached skill level 1 in Staves
  1231 | D:2      | Reached skill level 1 in Translocations
  1231 | D:2      | Reached skill level 1 in Poison Magic
  1370 | D:2      | Noticed Robin
  1376 | D:2      | Gained mutation: You are partially covered in rugged brown scales. (AC +1, +3% HP) [potion of mutation]
  1376 | D:2      | Gained mutation: You possess an exceptional clarity of mind. [potion of mutation]
  1376 | D:2      | Gained mutation: You evolve. [potion of mutation]
  1381 | D:2      | Reached XP level 4. HP: 39/39 MP: 11/11
  1385 | D:2      | Killed Robin
  1385 | D:2      | Reached skill level 1 in Evocations
  1386 | D:2      | Reached skill level 1 in Fire Magic
  1590 | D:2      | Reached skill level 1 in Long Blades
  1961 | D:3      | Reached skill level 1 in Polearms
  1961 | D:3      | Reached skill level 1 in Stealth
  1961 | D:3      | Reached XP level 5. HP: 32/44 MP: 12/12
  2090 | D:3      | Reached skill level 1 in Transmutations
  2090 | D:3      | Reached skill level 1 in Air Magic
  2152 | D:3      | Found a glowing drain.
  2176 | Sewer    | Entered a sewer
  2272 | Sewer    | Reached skill level 1 in Crossbows
  2414 | Sewer    | Reached skill level 1 in Conjurations
  2426 | Sewer    | Reached skill level 1 in Axes
  2426 | Sewer    | Reached skill level 1 in Invocations
  2434 | Sewer    | Reached skill level 1 in Bows
  2454 | Sewer    | Reached skill level 1 in Unarmed Combat
  2454 | Sewer    | Reached skill level 1 in Necromancy
  2575 | Sewer    | Reached XP level 6. HP: 50/51 MP: 13/13
  2583 | Sewer    | Reached skill level 1 in Earth Magic
  2693 | Sewer    | Lost mutation: You evolve. [evolution]
  3192 | D:4      | Reached skill level 1 in Short Blades
  3192 | D:4      | Reached skill level 1 in Throwing
  3212 | D:4      | Found Harev's Armour Emporium.
  3616 | D:4      | Reached skill level 5 in Maces & Flails
  3616 | D:4      | Reached XP level 7. HP: 56/56 MP: 10/15
  3954 | D:4      | Got a ripped robe
  3965 | D:4      | Identified the +0 robe of the Forest {Str+3 Int+2} (You found it on level 4 of the Dungeon)
  4082 | D:5      | Entered Level 5 of the Dungeon
  4214 | D:5      | Reached skill level 5 in Dodging
  4224 | D:5      | Noticed Ijyb
  4269 | D:5      | Killed Ijyb
  4269 | D:5      | Reached skill level 5 in Fighting
  4292 | D:5      | Noticed Grinder
  4319 | D:5      | Killed Grinder
  4319 | D:5      | Reached skill level 7 in Charms
  4319 | D:5      | Reached XP level 8. HP: 26/63 MP: 16/16
  4647 | D:5      | Found a staircase to the Ecumenical Temple.
  4847 | D:5      | Noticed Blork the orc
  4865 | D:5      | Killed Blork the orc
  5395 | Temple   | Entered the Ecumenical Temple
  5403 | Temple   | Became a worshipper of Warmaster Okawaru
  5808 | D:6      | Reached XP level 9. HP: 68/70 MP: 18/18
  5861 | D:6      | Found Ruofextese's Magic Scroll Shoppe.
  5896 | D:6      | Reached skill level 5 in Hexes
  6466 | D:6      | Learned a level 4 spell: Fulminant Prism
  6622 | D:7      | Reached * piety under Okawaru
  6829 | D:7      | Reached ** piety under Okawaru
  6846 | D:7      | Found an opulent altar of Gozag.
  6994 | D:7      | Reached skill level 5 in Necromancy
  7001 | D:7      | Reached skill level 8 in Charms
  7001 | D:7      | Reached skill level 5 in Earth Magic
  7411 | D:8      | Reached skill level 5 in Long Blades
  7425 | D:8      | Reached skill level 5 in Unarmed Combat
  7455 | D:8      | Reached *** piety under Okawaru
  7458 | D:8      | Reached skill level 5 in Axes
  7458 | D:8      | Reached XP level 10. HP: 60/78 MP: 19/19
  7535 | D:8      | Found a staircase to the Lair.
  7688 | D:8      | Reached skill level 5 in Bows
  7693 | D:8      | Gained mutation: You are robust. (+10% HP) [mutagenic meat]
  7694 | D:8      | Lost mutation: You are robust. (+10% HP) [mutagenic meat]
  7695 | D:8      | Gained mutation: Your natural rate of healing is unusually fast. [mutagenic meat]
  7745 | D:8      | Reached skill level 5 in Slings
  7774 | D:8      | Reached skill level 5 in Shields
  7919 | D:8      | Noticed a two-headed ogre
  8003 | D:8      | Killed a two-headed ogre
  8003 | D:8      | Reached **** piety under Okawaru
  8003 | D:8      | Reached skill level 5 in Staves
  8003 | D:8      | Reached skill level 5 in Stealth
  8003 | D:8      | Reached skill level 5 in Translocations
  8003 | D:8      | Reached skill level 5 in Fire Magic
  8003 | D:8      | Reached skill level 5 in Air Magic
  8009 | D:8      | Reached skill level 5 in Invocations
  8329 | D:8      | Found a shimmering altar of Xom.
  8330 | D:8      | Found a blossoming altar of Fedhas.
  8368 | D:8      | Found a shattered altar of Ashenzari.
  8368 | D:8      | Found an ancient bone altar of Kikubaaqudgha.
  8368 | D:8      | Found a hazy altar of Hepliaklqana.
  8369 | D:8      | Found a deep blue altar of Sif Muna.
  8370 | D:8      | Found a radiant altar of Vehumet.
  8371 | D:8      | Found a bloodstained altar of Trog.
  8455 | D:9      | Noticed Pikel
  8465 | D:9      | Killed Pikel
  8465 | D:9      | Reached skill level 5 in Crossbows
  8465 | D:9      | Reached skill level 5 in Ice Magic
  8559 | D:9      | Reached skill level 5 in Evocations
  8560 | D:9      | Reached skill level 5 in Conjurations
  8596 | D:9      | Reached ***** piety under Okawaru
  8596 | D:9      | Reached skill level 5 in Polearms
  8610 | D:9      | Noticed Grum
  8630 | D:9      | Received a gift from Okawaru
  8630 | D:9      | Reached skill level 5 in Transmutations
  8658 | D:9      | Killed Grum
  8658 | D:9      | Reached skill level 5 in Armour
  8694 | D:9      | Found a staircase to the Orcish Mines.
  8748 | D:9      | Noticed Gastronok
  8780 | D:9      | Mangled by Gastronok

Vault maps used:
D:1:      dpeg_arrival_circle_labyrinth_a, serial_bayou, serial_bayou_shore_b,
          serial_bayou_pond_a, serial_bayou_shore_b, serial_bayou_pond_e,
          minmay_misc_feat_ornament
D:2:      uniq_robin
D:3:      portal_sewer_entry_a
D:4:      serial_shops, shop, first_bread
D:5:      minmay_opposing_rooms, minmay_temple_entry_junction_2,
          nicolae_ossuary_entry_giza, uniq_blork_the_orc, uniq_ijyb,
          uniq_grinder
D:6:      serial_shops, shop
D:7:      basic_altar, glass_columns_c
D:8:      minitemple, erik_lair_island
D:9:      erik_orc_4, uniq_grum, uniq_gastronok, uniq_pikel
Temple:   eino_temple_lava
Sewer:    sewer_minmay_treatment

Skill      XL: |  1  2  3  4  5  6  7  8  9 10 |
---------------+-------------------------------+-----
Shields        | 1 2 3 4 5 |  5.3
Spellcasting   | 5 6 7 |  7.2
Ice Magic      | 1 2 3 4 5 |  5.1
Slings         | 1 2 3 4 5 |  5.5
Summonings     | 1 2 3 4 |  4.7
Hexes          | 1 3 4 6 |  6.8
Staves         | 1 2 3 4 5 |  5.5
Translocations | 1 2 3 4 5 |  5.5
Poison Magic   | 1 2 3 4 |  4.7
Evocations     | 1 2 3 4 5 |  5.1
Fire Magic     | 1 2 3 4 5 |  5.1
Long Blades    | 1 2 3 5 6 |  6.0
Polearms       | 1 2 4 5 |  5.0
Stealth        | 1 2 3 4 5 |  5.7
Transmutations | 1 2 3 4 5 |  5.0
Air Magic      | 2 3 4 5 |  5.7
Crossbows      | 1 2 3 4 5 |  5.1
Conjurations   | 2 3 4 5 |  5.1
Axes           | 1 2 3 5 |  5.9
Invocations    | 1 2 3 4 5 |  5.3
Bows           | 1 3 4 5 |  5.5
Unarmed Combat | 1 2 3 5 |  5.4
Necromancy     | 1 2 4 5 |  5.9
Earth Magic    | 2 3 5 6 |  6.0
Short Blades   | 1 2 3 4 |  4.5
Throwing       | 1 2 3 4 |  4.5
Armour         | 3 4 5 |  5.0
Maces & Flails | 5 6 7 |  7.9
Dodging        | 5 6 7 |  7.1
Fighting       | 5 6 7 |  7.2
Charms         | 7 8 |  8.8

Action                   |  1- 3 |  4- 6 |  7- 9 | 10-12 || total
-------------------------+-------+-------+-------+-------++-------
Melee: Mace              |   129 |     2 |    21 |    30 ||   182
       Bite              |    13 |    39 |     5 |     5 ||    62
       Whip              |    21 |    23 |       |       ||    44
       Dagger            |       |   300 |     3 |       ||   303
       Short sword       |       |       |     5 |    32 ||    37
       Hunting sling     |       |       |       |     1 ||     1
 Fire: Hunting sling     |       |     4 |   561 |   223 ||   788
Throw: Tomahawk          |       |     4 |       |       ||     4
 Cast: Infusion          |     1 |     2 |     3 |     1 ||     7
       Regeneration      |     4 |     2 |     3 |       ||     9
       Spectral Weapon   |     1 |     5 |       |       ||     6
       Shroud of Golubri |       |     6 |     1 |       ||     7
       Song of Slaying   |       |     2 |       |       ||     2
       Fulminant Prism   |       |       |     2 |       ||     2
Invok: Heroism           |       |       |       |     5 ||     5
 Abil: Evoke Berserk Rag |     1 |     1 |       |       ||     2
Evoke: Wand              |       |     1 |       |     3 ||     4
  Use: Potion            |     4 |     2 |       |     6 ||    12
       Scroll            |       |    10 |    12 |     1 ||    23
 Stab: Sleeping          |     2 |     2 |     1 |       ||     5
  Eat: Chunk             |     2 |    10 |    12 |     7 ||    31
Armor: Leather armour    |    51 |    92 |     5 |       ||   148
       Skin              |    16 |    33 |       |    28 ||    77
       Robe              |       |       |    37 |       ||    37
       Ring mail         |       |       |    48 |    45 ||    93
Dodge: Dodged            |   183 |   264 |   242 |   133 ||   822
Block: Buckler           |       |    52 |    86 |    54 ||   192

Table legend:
 A = Spawn XP
 B = Non-spawn XP
 C = Spawn XP percentage of total XP
 D = Spawn monster count
 E = Non-spawn monster count
 F = Spawn count percentage of total count
 G = Total turns spent on level
                    A         B        C        D         E        F      G
               +---------+---------+-------+---------+---------+-------+---------
         Total |       0 |    8786 |   0.0 |       0 |     303 |   0.0 |  8780
               +---------+---------+-------+---------+---------+-------+---------
           D:1 |       0 |      31 |   0.0 |       0 |      21 |   0.0 |  1011
           D:2 |       0 |      98 |   0.0 |       0 |      42 |   0.0 |   832
           D:3 |       0 |      84 |   0.0 |       0 |      21 |   0.0 |   985
           D:4 |       0 |     507 |   0.0 |       0 |      18 |   0.0 |   702
           D:5 |       0 |     980 |   0.0 |       0 |      30 |   0.0 |  1300
           D:6 |       0 |     876 |   0.0 |       0 |      26 |   0.0 |  1104
           D:7 |       0 |    1114 |   0.0 |       0 |      32 |   0.0 |   690
           D:8 |       0 |    3127 |   0.0 |       0 |      39 |   0.0 |  1257
           D:9 |       0 |    1822 |   0.0 |       0 |      26 |   0.0 |   330
         Sewer |       0 |     147 |   0.0 |       0 |      48 |   0.0 |   552
               +---------+---------+-------+---------+---------+-------+---------
